Cogmind - Beta 13 @@@ ROGUE MODE // 2024.04.14 @ 03:38:35 Player: Naiya55 Result: Destroyed by D-53 Grenadier with Mini Grenade Launcher Performance ------------- Evolutions (0) 0 Regions Visited (2) 400 Robots Destroyed (17) 85 Value Destroyed (411) 411 Prototype IDs (0) 0 Alien Tech Used (0) 0 Bonus (0) 0 TOTAL SCORE: 896 Bonus ------- None Cogmind --------- Core Integrity 0/250 Matter 212/300 Energy 100/100 System Corruption 1% Temperature Cool (0) Movement Core (1350) Ox26 Location -10/Mines Parts ------- > --- POWER (1) -------- (None) > --- PROPULSION (2) --- (None) > --- UTILITY (2) ------ Huge Storage Unit > --- WEAPON (2) ------- (None) > --- INVENTORY (25) --- Ion Engine Improved Heat Sink Improved Heat Sink Signal Interpreter Hacking Suite Medium Laser Particle Gun Light Assault Rifle Peak State ------------ > --- POWER ------------ Ion Engine > --- PROPULSION ------- Light Treads Light Treads > --- UTILITY ---------- Small Storage Unit Propulsion Shielding > --- WEAPON ----------- Medium Laser Assault Rifle > --- INVENTORY -------- Ion Engine Heat Sink Improved Heat Sink Hacking Suite Medium Laser Particle Gun [Rating: 8] Favorites ----------- Power Ion Engine Engine Ion Engine Propulsion Light Treads Treads Light Treads Utility Huge Storage Unit Storage Huge Storage Unit Protection Propulsion Shielding Weapon Medium Laser Energy Gun Medium Laser Ballistic Gun Assault Rifle Launcher Rocket Launcher Build | -11 -10 -10 ------- Run | Yrd Mat Min Slots Evolved . | . . . Power . | . . . Propulsion . | . . . Utility . | . . . Weapon . | . . . Parts Attached 13 | 6 4 3 Power 3 | 1 1 1 Engine 3 | 1 1 1 Core . | . . . Reactor . | . . . Propulsion 3 | 2 1 . Treads 3 | 2 1 . Leg . | . . . Wheel . | . . . Hover . | . . . Flight . | . . . Utility 3 | 1 2 . Device . | . . . Storage 2 | 1 1 . Processor . | . . . Hackware . | . . . Protection 1 | . 1 . Artifact . | . . . Weapon 4 | 2 . 2 Energy Gun 1 | 1 . . Energy Cannon . | . . . Ballistic Gun 2 | 1 . 1 Ballistic Cannon . | . . . Launcher 1 | . . 1 Special Weapon . | . . . Impact Weapon . | . . . Slashing Weapon . | . . . Piercing Weapon . | . . . Special Melee Weapon . | . . . Unidentified Prototypes . | . . . Parts Lost 8 | . . 8 Power 2 | . . 2 Propulsion 2 | . . 2 Utility 1 | . . 1 Weapon 3 | . . 3 Highest Loss Streak 5 | . . 5 To Critical Strikes . | . . . Average Slot Usage (%) 94 | . 97 92 Engine 13 | . 14 13 Treads 27 | . 27 27 Storage 14 | . 14 14 Protection 10 | . 12 8 Energy Gun 13 | . 14 13 Ballistic Gun 13 | . 14 13 Naked Turns . | . . . Heaviest Build 90 | 14 90 90 Greatest Support 40 | 40 40 40 Greatest Overweight (x) 3 | . 2 3 Average Overweight (x) 1 | . . 2 Largest Inventory Capacity 25 | 8 25 25 Average Capacity 19 | 6 14 25 Most Carried 10 | 2 8 10 Average Carried 7 | . 6 8 Final Capacity 25 | 8 25 25 Final Carried 8 | 2 8 8 Class Distribution -------------------- 100% | Mutant Dominant Class ---------------- Mutant | -10/Materials Mutant | -10/Mines Resources | -11 -10 -10 ----------- Run | Yrd Mat Min Matter Collected 455 | 260 104 91 Remotely . | . . . Salvage Created 472 | . 332 140 Parts 36 | . 22 14 Haulers Intercepted . | . . . Recyclers Shooed . | . . . Parts Field Recycled . | . . . Retrieved Matter . | . . . Parts Self-Destructed . | . . . Prevented . | . . . Kills | -11 -10 -10 ------- Run | Yrd Mat Min Combat Hostiles Destroyed 19 | . 9 10 Guns 14 | . 9 5 AOE 5 | . . 5 Classes Destroyed 5 | . 3 2 Tunneler 2 | . . 2 Operator 1 | . 1 . Swarmer 6 | . 3 3 Grunt 8 | . 6 2 Assembled 5 | . . 5 Best Kill Streak 5 | . 3 5 Combat Bots Only 5 | . 2 5 Max Kills in Single Turn 3 | . 1 3 Gunslinging . | . . . Exploded 3 | . . 3 Melee . | . . . Uniques/NPCs Destroyed . | . . . Combat | -11 -10 -10 -------- Run | Yrd Mat Min Hostile Shots Fired 90 | . 40 50 Missed 26 | . 15 11 Damage Taken 1134 | . 269 865 Core 269 | . 39 230 Absorbed by Shields . | . . . Redirected to Shielding 50 | . 31 19 Regen/Repaired (Parts) 51 | . 51 . Core Remaining (%) 100 | 100 . . Volleys Fired 53 | . 32 21 Largest 2 | . 2 2 Hottest 70 | . 70 70 Shots Fired 101 | . 64 37 Gun 93 | . 64 29 Cannon . | . . . Launcher 8 | . . 8 Special . | . . . Kinetic 48 | . 32 16 Thermal 45 | . 32 13 Explosive 8 | . . 8 Electromagnetic . | . . . Robot Hit Streak 20 | . 20 15 Robot Miss Streak 3 | . 3 3 Penetration Max . | . . . Secondary Targets . | . . . Shots Hit Robots 69 | . 44 25 Core Hits 40 | . 19 21 Critical Kills . | . . . Critical Parts Destroyed . | . . . Critical Strikes 3 | . 2 1 Burn 3 | . 2 1 Melee Attacks . | . . . Impact . | . . . Slashing . | . . . Piercing . | . . . Sneak Attacks . | . . . Combat Hostiles . | . . . Follow-up Attacks . | . . . Damage Inflicted 1338 | . 561 777 Guns 801 | . 552 249 Cannons . | . . . Explosions 525 | . . 525 Melee . | . . . Ramming 12 | . 9 3 Kinetic 383 | . 260 123 Thermal 418 | . 292 126 Explosive 525 | . . 525 Electromagnetic . | . . . Impact . | . . . Slashing . | . . . Piercing . | . . . Highest Corruption 1 | . 1 1 Average Corruption 1 | . 1 1 Corruption Purged . | . . . Corruption Blocked . | . . . Effects 18 | . 10 8 Message Errors 5 | . 3 2 Matter Fused 4 | . 2 2 Heat Flow Errors 1 | . 1 . Energy Discharges 2 | . 1 1 Parts Fused 2 | . 1 1 Data Loss (minor) 2 | . 1 1 Data Loss (major) 1 | . . 1 Alerts 1 | . 1 . Overload Shots . | . . . Overflow Damage 60 | . . 60 Projectiles . | . . . Explosions 60 | . . 60 Melee . | . . . Knockbacks . | . . . Impact . | . . . Kinetic . | . . . Secondary . | . . . Self-Inflicted Damage 68 | . . 68 Shots 2 | . . 2 Rammed 2 | . 2 . Targets Rammed 3 | . 2 1 Kicked . | . . . Crushed 1 | . . 1 Highest Temperature 150 | . 150 103 Average Temperature 44 | . 43 44 Received Heat Transfer 276 | . 132 144 Siege Activations . | . . . Robots Corrupted . | . . . Combat Hostiles . | . . . Parts Fried . | . . . Impact Corruptions . | . . . Robots Melted . | . . . Combat Hostiles . | . . . Parts Melted 3 | . 3 . Heat Transferred 1443 | . 999 444 Parts Sabotaged . | . . . Parts Stolen . | . . . Parts Stripped . | . . . Power Chain Reactions . | . . . Alert | -11 -10 -10 ------- Run | Yrd Mat Min Peak Influence 275 | . 275 64 Initial 19 | . . 19 Average 61 | . 109 26 Maximum Alert Level 1 | . 1 . Low Security (%) 92 | 100 83 100 Level 1 7 | . 16 . Level 2 . | . . . Level 3 . | . . . Level 4 . | . . . Level 5 . | . . . High Security . | . . . Max Security . | . . . Squads Dispatched 2 | . 2 . Investigation 1 | . 1 . Extermination . | . . . Reinforcement 1 | . 1 . Assault . | . . . Garrison . | . . . Intercept . | . . . Searches Triggered . | . . . Construction Impeded . | . . . Haulers Reinforced . | . . . Active Scanning Responses . | . . . Cargo Convoy Interrupts . | . . . Stealth | -11 -10 -10 --------- Run | Yrd Mat Min Distress Signals 2 | . 2 . Communications Jammed . | . . . Distress Signals . | . . . Times Spotted 32 | . 18 14 Peak Tracking Total 7 | . 4 7 Tactical Retreats . | . . . Traps | -11 -10 -10 ------- Run | Yrd Mat Min Traps Triggered 2 | . 2 . Indirectly . | . . . Trap Hack Attempts . | . . . Triggered . | . . . Disarmed . | . . . Reprogrammed . | . . . Reused . | . . . Traps Extracted . | . . . Installed . | . . . Triggered . | . . . Machines | -11 -10 -10 ---------- Run | Yrd Mat Min Machines Disabled 1 | . . 1 Max in Single Turn 1 | . . 1 Machines Repaired . | . . . Machines Dismantled . | . . . Machines Sabotaged . | . . . Overloaded Fab Kills . | . . . Hacking | -11 -10 -10 --------- Run | Yrd Mat Min Machines Accessed 5 | . 4 1 Terminals 4 | . 3 1 Fabricators . | . . . Repair Stations 1 | . 1 . Recycling Units . | . . . Scanalyzers . | . . . Garrison Access . | . . . Total Hacks 13 | . 10 3 Successful 3 | . 3 . Failed 10 | . 7 3 Catastrophic 1 | . 1 . Database Lockouts . | . . . Manual 10 | . 7 3 Terminals 10 | . 7 3 Fabricators . | . . . Repair Stations 3 | . 3 . Recycling Units . | . . . Scanalyzers . | . . . Garrison Access . | . . . Terminal Hacks 1 | . 1 . Robot Analysis 1 | . 1 . Fabricator Hacks . | . . . Repair Station Hacks 2 | . 2 . Scan Component 1 | . 1 . Repair 1 | . 1 . Recycling Unit Hacks . | . . . Scanalyzer . | . . . Garrison Access Hacks . | . . . Unauthorized Hacks . | . . . Terminals . | . . . Fabricators . | . . . Repair Stations . | . . . Recycling Units . | . . . Scanalyzers . | . . . Garrison Access . | . . . Data Cores Recovered . | . . . Used . | . . . Hacking Detections 5 | . 4 1 Full Trace Events 1 | . 1 . Feedback Events . | . . . Feedback Blocked . | . . . Robot Schematics Acquired . | . . . Robots Built . | . . . Authchips . | . . . Time . | . . . Total Robot Build Rating . | . . . Part Schematics Acquired . | . . . Parts Built . | . . . Authchips . | . . . Time . | . . . Total Part Build Rating . | . . . Parts Repaired 1 | . 1 . Time 26 | . 26 . Parts Recycled . | . . . Recycled Matter . | . . . Retrieved Matter . | . . . Retrieved Components . | . . . Parts Scanalyzed . | . . . Part Schematics Acquired . | . . . Parts Damaged . | . . . Bothacking | -11 -10 -10 ------------ Run | Yrd Mat Min Used RIF Installer . | . . . Robots Hacked . | . . . Non-combat . | . . . Combat . | . . . Robot Hacks Applied . | . . . Relay Couplers Released . | . . . Fabnet Peak Effective % . | . . . Robots Rewired . | . . . Allies Hacked . | . . . Hacks Repelled . | . . . Allies | -11 -10 -10 -------- Run | Yrd Mat Min Total Allies . | . . . Largest Group . | . . . Highest-Rated Group . | . . . Highest-Rated Ally . | . . . Total Orders . | . . . Ally Attacks . | . . . Total Damage . | . . . Kills . | . . . Allies Corrupted . | . . . Allies Melted . | . . . Intel | -11 -10 -10 ------- Run | Yrd Mat Min Robot Analysis Total 1 | . 1 . Derelict Logs Recovered 2 | . . 2 Drone Launches . | . . . Drone Recoveries . | . . . Exploration | -11 -10 -10 ------------- Run | Yrd Mat Min Turns Passed 1982 | 96 853 1033 Spaces Moved 675 | 57 321 297 Core 5 | 5 . . Treads 670 | 52 321 297 Legs . | . . . Wheels . | . . . Hover . | . . . Flight . | . . . Fastest Speed 50 | 50 160 320 Average Speed 254 | 150 212 320 Slowest Speed 400 | 160 320 400 Overloaded Moves . | . . . Propulsion Burnouts . | . . . Robots Hopped . | . . . Cave-ins Triggered . | . . . Exploration Rate (%) 40 | 5 62 55 Regions Visited 2 Branch Regions 1 Pre-discovered Areas . | . . . Known Exits Taken . | . . . Unknown Exits Taken 2 | 1 1 . Scrap Searched 1 | . . 1 Spaces Dug 11 | . . 11 Terrain Destroyed 64 | . . 64 Melee . | . . . Projectile . | . . . AOE 64 | . . 64 Terrain Rammed . | . . . Walls Destroyed . | . . . Machines Disabled . | . . . Actions | -11 -10 -10 --------- Run | Yrd Mat Min Total 831 | 64 425 342 Wait 75 | . 58 17 Move 673 | 56 320 297 Hop . | . . . Pick Up 12 | 2 7 3 Fast Attach 8 | 6 2 . Attach 2 | . . 2 Detach . | . . . Swap 3 | . 2 1 Drop 2 | . 2 . Fire 53 | . 32 21 Melee . | . . . Ram . | . . . Kick . | . . . Crush 3 | . 2 1 Escape Stasis . | . . . Rewire . | . . . Trap . | . . . Miscellaneous . | . . . Route ------- -11/Scrapyard -10/Materials (discovered 3 exits: [*Mat x2] / *Min) -10/Mines (discovered 1 exit: [*Mat]) History --------- Turn | Location | Event 7 | -11/Scrapyard | Discovered new exit (range 15) 97 | -11/Scrapyard | Entered Materials 316 | -10/Materials | Build established: Mutant 417 | -10/Materials | Discovered new exit (range 7) 483 | -10/Materials | Discovered new exit (range 11) 540 | -10/Materials | Repaired Lgt. Treads 717 | -10/Materials | Discovered new exit (range 10) 950 | -10/Materials | Entered Mines 998 | -10/Mines | Learned Materials stockpile data 1202 | -10/Mines | Learned Materials garrison access intel 1435 | -10/Mines | Received a Rocket Launcher from a helpful Derelict 1863 | -10/Mines | Discovered new exit (range 6) 1921 | -10/Mines | Assembled infested the area 1976 | -10/Mines | Core integrity fell below 50% 1980 | -10/Mines | Core integrity fell below 20% 1983 | -10/Mines | Destroyed by D-53 Grenadier with Mini Grenade Launcher Last Messages --------------- 01947_ Matter Pump disabled. 01947_ as-47442 destroyed. 01971_ U-05 Engineer lays Concrete. 01972_ Destroyed Mining Laser. 01972_ T-07 Excavator destroyed. 01972_ U-05 Engineer lays Concrete. 01972_ Lgt. Treads destroyed. 01973_ U-05 Engineer lays Concrete. 01975_ The unstable cave ceiling collapses. 01975_ U-05 Engineer builds a Wall. 01975_ Lgt. Assault Rifle destroyed. 01975_ Ion Engine destroyed. 01979_ U-05 Engineer lays Concrete. 01979_ Rocket Launcher destroyed. 01980_ The unstable cave ceiling collapses. 01980_ U-05 Engineer lays Concrete. 01981_ Lgt. Treads destroyed. 01982_ U-05 Engineer lays Concrete. 01983_ The unstable cave ceiling collapses. 01983_ U-05 Engineer builds a Wall. Map ----- +----------------------------------------------------+ | | | | | | | | | | | | | | | | | | | | | | | | | | | | | ?????????????????????#### #??????????????????????? | | ???????????????????### ###??####?????????????? | | ???????????????????# #### ##????????????? | | ??????????????????## ## #????????????? | | ??????????????????# #????????????? | | ??????????????#??## ###????????????? | | ??????????? # # ####??????????????? | | ?????????? # #######????????????? | | ???????????? ##???????????? | | ?????????? % ### u < #???????????? | | ?????????? # #??????????? | | ?????????? @ # #??????????? | | ??????????# #### ##??????????? | | ?????????? d d ##???####???????????? | | ??????????? ############????????? | | ???????????# # #????????? | | ???????????? #????????? | | ???????????? ## # ######### #????????? | | ???????????? # ??### ##???????# #????????? | | ????????????? ?#?????# ##????????# #????????? | | ??????????????????? ##?????????# ##???????? | | ?????????????????# ### ???????????# ##??????? | | ?????????????????????# ????????#### ##?????? | | ?????????????????????## ???????## #?????? | | ??????????????????????## ??###### #?????? | | ???????????????????????# ### ##?????? | | ???????????????????????# ##??????? | | ???????????????????????###### ##???????? | | ????????????????????????????#### ####????????? | | ???????????????????????????????## ##???????????? | | ????????????????????????????????# #????????????? | | ???????????????????????????????## #????????????? | | ???????????????????????????????# ##????????????? | | ??????????????????????????????## ###########???? | | ?????????????????????????????## #???? | | ????????????????????????????## #???? | +----------------------------------------------------+ Best States ------------- Heat Dissipation 25 Energy Generation 10 Energy Capacity 250 Matter Stores 300 Matter Capacity 300 Sight Range 16 Terrain Scan Density 10 Propulsion Shielding 33 Evasion (%) 40 Recoil Reduction 2 Item Schematics ----------------- None Robot Schematics ------------------ None Fabricated ------------ Nothing Alien Tech Used ----------------- None Achievements -------------- None Challenges ------------ None Game ------ Seed NuclearAuthchipBeamcaster Manual? 0 Play Time 00:09:45 Cumulative 7.4 hours Start 2024.04.14 @ 03:29:33 End 2024.04.14 @ 03:38:35 Sessions 1 Manual Loads 0 Difficulty Rogue Special Mode None Game No. 23 Rogue 23 Adventurer 0 Explorer 0 Win Type - Total 0 Types 0/0/0/0/0/0/0/0/0 Lore% 16 Gallery% 9 Achievement% 13 Wizard Run 0 Options --------- Layout 1 ASCII 0 Keyboard 0 Movement Vi Keybinds 0 Fullscreen 2 Font 24/Smallcaps Map View 50x35 Zoom Use 0% Tactical HUD 1 Map Filters NONE Filters NONE Steam 1 RUN: eeab1a46-d70e-44c9-876e-9d434bca881c